 Dungeon Crawl Stone Soup version 0.30-a0-1094-g860fb061e7 (webtiles) character file.

Game seed: 1068581090865416072

235 ryw the Cudgeller (level 5, 0/41 HPs)
             Began as a Mummy Fighter on Apr 18, 2023.
             Was a Follower of Okawaru.
             Killed from afar by an orc wizard (9 damage)
             ... with a puff of flame
             ... on level 4 of the Dungeon.
             The game lasted 00:04:28 (2142 turns).

ryw the Cudgeller (Mummy Fighter)                   Turns: 2142, Time: 00:04:29

Health: 0/41       AC:  6    Str: 21    XL:     5   Next: 76%
Magic:  5/5        EV:  9    Int:  7    God:    Okawaru [*.....]
Gold:   106        SH:  4    Dex: 12    Spells: 4/4 levels left

rFire   x . .      SeeInvis .    a - +0 flail
rCold   + . .      Faith    +    c - +0 buckler
rNeg    + + +      Spirit   .    f - +0 scale mail
rPois   ∞          Reflect  .    (no helmet)
rElec   .          Rampage  .    (no cloak)
rCorr   .                        (no gloves)
Will    .....                    (no boots) Stlth
                                 (no amulet)
HPRegen 0.26/turn                (no ring)
MPRegen 0.09/turn                (no ring)

@: no status effects
A: cold resistance 1, negative energy resistance 3, torment resistance 2, heat
vulnerability 1, in touch with death 1, no potions, faith
a: Renounce Religion, Heroism


You were on level 4 of the Dungeon.
You worshipped Okawaru.
Okawaru was aware of your devotion.
You visited 1 branch of the dungeon, and saw 4 of its levels.

You collected 106 gold pieces.

Inventory:

Hand Weapons
 a - a +0 flail (weapon)
 b - a +3 sling of flaming
 e - a +0 whip of draining
Armour
 c - a +0 buckler (worn)
 f - a +0 scale mail (worn)
Scrolls
 d - a scroll of teleportation


   Skills:
 - Level 3.0 Fighting
 + Level 4.2 Maces & Flails
 + Level 2.4 Ranged Weapons
 - Level 2.4 Armour
 - Level 2.4 Shields


You had 4 spell levels left.
You didn't know any spells.
Your spell library contained the following spells:

 Spells                   Type           Power      Damage    Failure   Level
 Frozen Ramparts          Ice            0%         1d1       99%         3
 Ice Form                 Ice/Tmut       Unusable   N/A       N/A         4
 Summon Ice Beast         Ice/Summ       Unusable   N/A       N/A         4

Dungeon Overview and Level Annotations

Branches:
Dungeon (4/15)
 Temple: D:4-7

Altars:
Okawaru
Wu Jian

Shops:
D:1 [


Innate Abilities, Weirdness & Mutations

You are immune to poison.
Your flesh is cold resistant. (rC+)
You are immune to negative energy. (rN+++)
You are immune to unholy pain and torment.
You are vulnerable to heat. (rF-)
You are in touch with the powers of death.
You do not drink.
You have a special connection with the divine. (Faith)


Message History

Reactivating autopickup.
The orc wizard gestures at you while chanting.
You resist with some effort.
You hit the orc wizard but do no damage.
The orc wizard hits you but does no damage.
You hit the orc wizard.
The orc wizard is heavily wounded.
The orc wizard hits you with a +0 dagger.
You completely miss the orc wizard.
The orc wizard is moderately wounded.
The orc wizard points at you and mumbles some strange words.
The puff of flame hits you. The fire burns you terribly!
The orc wizard hits you with a +0 dagger.
You sock the orc wizard!
The orc wizard is almost dead.
The orc wizard points at you and mumbles some strange words.
You are confused.
You bump into the rock wall.
The orc wizard casts a spell at you. The puff of flame hits you!
The fire burns you terribly!
You bump into the rock wall.
The orc wizard hits you with a +0 dagger.
* * * LOW HITPOINT WARNING * * *
You bump into the rock wall.
The orc wizard hits you but does no damage.
You bump into the rock wall.
The orc wizard gestures at you while chanting.
The puff of flame hits you. The fire burns you terribly!
* * * LOW HITPOINT WARNING * * *
You bump into the rock wall.
The orc wizard casts a spell.
The orc wizard flickers and vanishes!
Deactivating autopickup; reactivate with Ctrl-A.
You bump into the rock wall.
Something hits you but does no damage.
You bump into the rock wall.
You feel less confused.
You hear some strange, mumbled words.
A puff of flame appears from out of thin air!
The puff of flame hits you! The fire burns you terribly!
You die...

####### ##
#.....# .#
#.###.# o# #.#
#.# .#
#.###.#######.#
#........o.o..#
#####.#########
#.....){@.#
###########


There were no monsters in sight!

Vanquished Creatures
  Sigmund (D:3)
  An orc wizard (D:4)
  An adder (D:2)
  A worm (D:2)
  A dart slug (D:1)
  An orc (D:4)
  2 bats (D:2)
  8 endoplasms
  4 goblins
  2 hobgoblins
  A quokka (D:1)
  2 ball pythons (D:1)
  5 frilled lizards
  5 kobolds
  5 rats
40 creatures vanquished.

Notes
Turn   | Place    | Note
-------+----------+-------------------------------------------
     0 | D:1      | ryw the Mummy Fighter began the quest for the Orb.
     0 | D:1      | Reached XP level 1. HP: 18/18 MP: 1/1
    81 | D:1      | Reached skill level 2 in Maces & Flails
    88 | D:1      | Reached XP level 2. HP: 19/24 MP: 2/2
   387 | D:1      | Found Irrenoask's Armour Shop.
   792 | D:2      | Identified the +3 leather armour of the Five Portals {Harm}
   899 | D:2      | Gained mutation: You are in touch with the powers of death.
                  | [Mummy growth]
   899 | D:2      | Reached XP level 3. HP: 29/29 MP: 3/3
   950 | D:2      | Found an iron altar of Okawaru.
   987 | D:2      | Became a worshipper of Warmaster Okawaru
  1003 | D:2      | Reached skill level 3 in Maces & Flails
  1607 | D:3      | Noticed Sigmund
  1669 | D:3      | Killed Sigmund
  1670 | D:3      | Reached skill level 4 in Maces & Flails
  1670 | D:3      | Reached XP level 4. HP: 27/35 MP: 4/4
  1670 | D:3      | Reached XP level 5. HP: 32/41 MP: 5/5
  1864 | D:3      | Found an ornate altar of the Wu Jian Council.
  2121 | D:4      | Reached * piety under Okawaru
  2142 | D:4      | Killed from afar by an orc wizard

Illustrated notes

Levels and vault maps discovered:
D:1:      dpeg_arrival_line_fractal, layout_basic, serial_shops,
          nicolae_shop_trees
D:2:      layout_loops_ring, basic_altar
D:3:      layout_basic, nzn_wu_jian_council_hall, uniq_sigmund
D:4:      layout_basic, serial_shops, nicolae_lakefront_shop,
          nicolae_shop_industrial_runoff, shop, nicolae_stop_n_shop_2,
          uniq_eustachio

Skill      XL: |  1  2  3 |
---------------+----------+-----
Maces & Flails | 2 4 |  4.2
Ranged Weapons | 2 |  2.4
Fighting       | |  3.0
Armour         | |  2.4
Shields        | |  2.4

Action                     |  1- 3 |  4- 6 || total
---------------------------+-------+-------++-------
  Melee: Flail             |    93 |    18 ||   111
   Fire: Sling             |     9 |     9 ||    18
    Use: Scroll            |     4 |     1 ||     5
 Armour: Scale mail        |    38 |    10 ||    48
  Dodge: Dodged            |    32 |       ||    32
  Block: Buckler           |    19 |     2 ||    21

Table legend: (Time is in decaauts)
 A = Elapsed time spent in this place.
 B = Non-inter-level travel time spent in this place.
 C = Inter-level travel time spent in this place.
 D = Time resting spent in this place.
 E = Time spent auto-exploring this place.
 F = Levels seen in this place.
 G = Mean time per level.
                   A        B        C        D        E       F      G
               +--------+--------+--------+--------+--------+-----+--------+
         Total |   2178 |   2073 |    105 |      0 |   1672 |   4 |  544.5 |
       Dungeon |   2178 |   2073 |    105 |      0 |   1672 |   4 |  544.5 |
               +--------+--------+--------+--------+--------+-----+--------+

Top non-repeatable levels by time:
     D:1: 736 daAuts
     D:3: 693 daAuts
     D:2: 665 daAuts
     D:4: 82 daAuts
